 Dungeon Crawl Stone Soup version 0.22.1-1-ga44c0e5 (webtiles) character file.

3317 whitewolfNL the Spear-Bearer (level 9, 0/80 HPs)
             Began as a Minotaur Berserker on Oct 8, 2018.
             Was an Elder of Trog.
             Succumbed to a killer bee's poison
             ... on level 8 of the Dungeon on Oct 13, 2018.
             The game lasted 01:07:54 (8645 turns).

whitewolfNL the Spear-Bearer (Minotaur Berserker)   Turns: 8645, Time: 01:07:55

Health: 0/80       AC: 15    Str: 24    XL:     9   Next: 71%
Magic:  9/9        EV:  3    Int:  4    God:    Trog [****..]
Gold:   369        SH: 12    Dex: 11    Spells: 8/8 levels left

rFire    . . .     SeeInvis .   j - +2 trident (protect)
rCold    . . .     Gourm    .   t - +0 large shield (curse)
rNeg     . . .     Faith    .   O - +0 plate armour
rPois    .         Spirit   .   (helmet restricted)
rElec    .         Reflect  .   E - +0 cloak
rCorr    .         Harm     .   I - +0 pair of gloves
MR       .....                  (no boots)
Stlth    ..........             (no amulet)
HPRegen  0.23/turn              H - ring of stealth
MPRegen  0.11/turn              (no ring)

@: lethally poisoned (0 -> -2), berserk cooldown, flying
A: retaliatory headbutt, horns 2
a: Berserk, Trog's Hand, Brothers in Arms, Renounce Religion


You were on level 8 of the Dungeon.
You worshipped Trog.
Trog was greatly pleased with you.
You were not hungry.

You visited 1 branch of the dungeon, and saw 8 of its levels.

You collected 369 gold pieces.

Inventory:

Hand Weapons
 b - a +4 short sword of venom
 j - a +2 trident of protection (weapon)
 o - the +10 flail "Naid Wui" {crush, Str+6}
   (You found it on level 4 of the Dungeon)

   It inflicts extra damage upon your enemies.
   It affects your strength (+6).
 C - a +0 war axe
 G - a +0 halberd
 K - a +0 battleaxe
 M - a +0 shortbow
Missiles
 l - 128 stones
 n - 18 poisoned needles
 w - 36 bolts
 y - 90 arrows
 z - 57 sling bullets
 D - 5 tomahawks (quivered)
 P - 3 tomahawks of returning
 Q - a throwing net
Armour
 s - a +1 pair of boots
 t - a cursed +0 large shield (worn)
 E - a +0 cloak (worn)
 I - a +0 pair of gloves (worn)
 J - a +3 leather armour of cold resistance
 O - a +0 plate armour (worn)
Jewellery
 H - a ring of stealth (left hand)
Wands
 d - a wand of clouds (4)
 u - a wand of polymorph (19)
 F - a wand of flame (39)
 N - a wand of disintegration (14)
Scrolls
 g - a scroll of teleportation
 m - 6 scrolls of remove curse
 p - 3 scrolls of fog
 v - a scroll of random uselessness {unknown}
 L - a scroll of noise {unknown}
 R - a scroll of identify
Potions
 a - a potion of berserk rage {unknown}
 e - a potion of mutation {unknown}
 f - 2 potions of cancellation {unknown}
 h - a potion of curing
 i - 2 potions of flight
 k - 3 potions of degeneration {unknown}
 q - 4 potions of heal wounds {unknown}
 r - a potion of magic {unknown}
 x - a potion of might {unknown}
 A - a potion of haste {unknown}
 B - 2 potions of lignification {unknown}
Comestibles
 c - 16 rations


   Skills:
 + Level 7.7 Fighting
 - Level 1.6(8.0) Axes
 - Level 7.3(7.5) Maces & Flails
 * Level 9.9(10.0) Polearms
   Level 0.9(1.6) Slings
 * Level 1.9(2.0) Throwing
 * Level 7.2 Armour
 - Level 3.1 Dodging
 - Level 1.3 Stealth
 + Level 0.4 Shields
 * Level 2.3 Evocations


You had 8 spell levels left.
You didn't know any spells.
Your spell library contained the following spells:

 Spells                   Type           Power        Failure   Level  Hunger
 Beastly Appendage        Tmut           #.....       100%        1    ##.....
 Sticks to Snakes         Tmut           #.......     100%        2    ###....
 Spider Form              Tmut/Pois      #.........   100%        3    ####...
 Ice Form                 Ice/Tmut       #.......     100%        4    #####..
 Blade Hands              Tmut           #.........   100%        5    ######.


Dungeon Overview and Level Annotations

Branches:
Dungeon (8/15)             Temple (0/1) D:7
   Lair: D:8-11

Altars:
Cheibriados
Dithmenos
Ru
Trog

Shops:
D:7 =


Innate Abilities, Weirdness & Mutations

You reflexively headbutt those who attack you in melee.
You have a pair of horns on your head.


Message History

The killer bee stings you but does no damage. x2
You see here 16 bolts.
You block the killer bee's attack. x2; The killer bee stings you.
* * * LOW HITPOINT WARNING * * *
You block the killer bee's attack.
Found a shortbow.
The killer bee stings you.
* * * LOW HITPOINT WARNING * * *
The killer bee barely misses you.
The killer bee stings you but does no damage.
You block the killer bee's attack. The killer bee stings you.
* * * LOW HITPOINT WARNING * * *
The killer bee stings you but does no damage.
The killer bee stings you.
* * * LOW HITPOINT WARNING * * *
You are lethally poisoned!
The killer bee poisons you! You block the killer bee's attack.
The killer bee stings you but does no damage.
You die...

.....+..(...#.............#
.....##$....+.............#
.....##.....#......(......#
.....##.........##........#
......†.>........#........+
......##.........#........#
.................yy.#......
..................y......#.
................@......#.#
#####.#..<..........#..#.#
# #...............#..# # #
###...#.###+#.#.#).# #
#....#.###.#.#.# ## #
#......#<.....)####.#.#
#.#.######.....).......
#.... ..............#..
..##.####.##...........


You could see 3 killer bees.

Vanquished Creatures
  Grinder (D:3)
  A hippogriff (D:5)
  Eustachio (D:5)
  Menkaure (D:5)
  A sky beast (D:7)
  A black bear (D:4)
  2 orc warriors (D:7)
  2 ice beasts
  6 ogres
  3 centaurs
  A wyvern skeleton (D:6)
  2 scorpions
  3 killer bees (D:8)
  A crimson imp (D:6)
  Crazy Yiuf (D:2)
  A bullfrog skeleton (D:6)
  A bullfrog zombie (D:5)
  4 hounds
  A jelly (D:6)
  2 gnoll shamans (D:5)
  4 orc priests
  2 centaur skeletons
  Ijyb (D:3)
  An iguana (D:6)
  An orc wizard (D:6)
  Terence (D:2)
  6 worker ants
  A hound zombie (D:6)
  A worker ant zombie (D:6)
  7 gnolls (D:5)
  12 adders
  3 shadow imps
  An adder zombie (D:5)
  3 worms
  2 dart slugs
  3 leopard geckos
  22 orcs
  2 ball pythons
  7 giant cockroaches
  3 hobgoblins (D:1)
  4 jackals (D:5)
  5 kobolds
  A quokka (D:5)
  6 bats
  3 frilled lizards
  10 goblins
  A jackal skeleton (D:8)
  2 jackal zombies
  A quokka skeleton (D:5)
  3 rats
155 creatures vanquished.

Notes
Turn   | Place    | Note
-------+----------+-------------------------------------------
     0 | D:1      | whitewolfNL the Minotaur Berserker began the quest for the
                  | Orb.
     0 | D:1      | Reached XP level 1. HP: 19/19 MP: 0/0
   116 | D:1      | Reached skill level 4 in Polearms
   122 | D:1      | Reached XP level 2. HP: 27/27 MP: 1/1
   874 | D:2      | Reached XP level 3. HP: 33/33 MP: 2/2
   942 | D:2      | Found a sacrificial altar of Ru.
  1185 | D:2      | Reached ** piety under Trog
  1412 | D:2      | Noticed Terence
  1415 | D:2      | Killed Terence
  1415 | D:2      | Reached skill level 5 in Polearms
  1934 | D:2      | Found a runed door.
  1938 | D:2      | Noticed Crazy Yiuf
  1945 | D:2      | Killed Crazy Yiuf
  1945 | D:2      | Reached XP level 4. HP: 41/41 MP: 1/3
  2215 | D:3      | Found a faded altar of an unknown god.
  2238 | D:3      | Noticed Grinder
  2240 | D:3      | Paralysed by Grinder for 6 turns
  2270 | D:3      | Killed Grinder
  2270 | D:3      | Reached skill level 6 in Polearms
  2270 | D:3      | Reached XP level 5. HP: 47/47 MP: 4/4
  2270 | D:3      | Reached XP level 6. HP: 55/55 MP: 5/5
  2309 | D:3      | Noticed Ijyb
  2399 | D:3      | Killed Ijyb
  2632 | D:3      | Found a snail-covered altar of Cheibriados.
  2699 | D:3      | Reached skill level 7 in Polearms
  2802 | D:4      | Reached skill level 5 in Fighting
  2918 | D:4      | Reached XP level 7. HP: 46/61 MP: 6/6
  3341 | D:4      | Reached skill level 8 in Polearms
  3347 | D:4      | Reached skill level 5 in Armour
  3373 | D:4      | Reached skill level 1 in Axes
  3860 | D:4      | Found a bloodstained altar of Trog.
  3901 | D:4      | Got an ancient flail
  3969 | D:4      | Identified the +10 flail "Naid Wui" {crush, Str+6} (You
                  | found it on level 4 of the Dungeon)
  3978 | D:5      | Entered Level 5 of the Dungeon
  4047 | D:5      | Noticed a hippogriff
  4051 | D:5      | Killed a hippogriff
  4051 | D:5      | Reached XP level 8. HP: 70/70 MP: 7/7
  4371 | D:5      | Reached *** piety under Trog
  4371 | D:5      | Reached skill level 1 in Stealth
  4417 | D:5      | Found a shadowy altar of Dithmenos.
  4417 | D:5      | Noticed Menkaure
  4426 | D:5      | Killed Menkaure
  4426 | D:5      | Reached skill level 5 in Maces & Flails
  4532 | D:5      | Noticed Eustachio
  4557 | D:5      | Killed Eustachio
  5236 | D:5      | Reached XP level 9. HP: 79/79 MP: 8/8
  5724 | D:6      | Reached skill level 9 in Polearms
  5726 | D:6      | Reached skill level 1 in Evocations
  6729 | D:7      | Reached **** piety under Trog
  6898 | D:7      | Reached skill level 1 in Throwing
  7284 | D:7      | Found a staircase to the Ecumenical Temple.
  7354 | D:7      | Found Ivuupluk's Jewellery Shoppe.
  8629 | D:8      | HP: 3/80 [killer bee (4)]
  8644 | D:8      | HP: 1/80 [killer bee (5)]
  8645 | D:8      | Succumbed to a killer bee's poison

Skill      XL: |  1  2  3  4  5  6  7  8  9 |
---------------+----------------------------+-----
Polearms       | 4 5 6 7 8 9 |  9.9
Fighting       | 4 5 7 |  7.7
Armour         | 3 4 5 7 |  7.2
Axes           | 1 |  1.6
Dodging        | 3 |  3.1
Maces & Flails | 2 7 |  7.3
Stealth        | 1 |  1.3
Evocations     | 2 |  2.3
Throwing       | 1 |  1.9
Slings         | |  0.9
Shields        | |  0.4

Action                   |  1- 3 |  4- 6 |  7- 9 || total
-------------------------+-------+-------+-------++-------
Melee: Spear             |    39 |       |       ||    39
       Headbutt          |     7 |     8 |    54 ||    69
       Trident           |     9 |    43 |   142 ||   194
       Short sword       |     5 |       |       ||     5
       War axe           |       |     8 |    12 ||    20
       Flail             |       |       |    58 ||    58
       Halberd           |       |       |    19 ||    19
       Battleaxe         |       |       |    40 ||    40
Throw: Throwing net      |       |       |     1 ||     1
Invok: Berserk           |     2 |     4 |    14 ||    20
       Trog's Hand       |       |       |     1 ||     1
  Use: Scroll            |       |     5 |     5 ||    10
       Potion            |       |       |     6 ||     6
  Eat: Ration            |     2 |     1 |     6 ||     9
       Chunk             |       |     1 |    11 ||    12
Armor: Animal skin       |     1 |       |       ||     1
       Plate armour      |    39 |    22 |   224 ||   285
       Skin              |     2 |       |       ||     2
       Ring mail         |       |     5 |    10 ||    15
       Scale mail        |       |       |     1 ||     1
Dodge: Dodged            |    22 |    24 |   129 ||   175
Block: Large shield      |       |       |    74 ||    74
